 Dungeon Crawl Stone Soup version 0.27.0-1-g7a089689b8 (webtiles) character file.

Game seed: 1781602687124464148

11298 Spectrina the Pacifist (level 11, -2/58 HPs)
             Began as a Deep Elf Monk on Aug 1, 2021.
             Was an Elder of Elyvilon.
             Killed from afar by a tengu conjurer (15 damage)
             ... with a bolt of lightning
             ... on level 13 of the Dungeon.
             The game lasted 01:38:40 (7627 turns).

Spectrina the Pacifist (Deep Elf Monk)              Turns: 7627, Time: 01:38:40

Health: -2/58      AC: 17    Str:  8    XL:     11   Next: 47%
Magic:  4/25       EV: 14    Int: 23    God:    Elyvilon [****..]
Gold:   49         SH:  0    Dex: 23    Spells: 10/27 levels left

rFire    . . .     SeeInvis .   a - +9 rapier of the Dwarven Hall {flame, Int+4}
rCold    . . .     Faith    .   (no shield)
rNeg     . . .     Spirit   .   L - +5 steam dragon scales
rPois    .         Reflect  .   Q - +0 helmet
rElec    .         Harm     .   (no cloak)
rCorr    .         Rampage  .   p - +0 pair of gloves
Will     +....                  s - +0 pair of boots
Stlth    ++++......             (no amulet)
HPRegen  0.19/turn              z - +4 ring of protection
MPRegen  0.19/turn              E - +6 ring of dexterity

@: about to teleport, divinely protected
A: no striking features
a: Renounce Religion, Lesser Healing, Heal Other, Purification, Greater Healing,
Divine Protection


You were on level 13 of the Dungeon.
You worshipped Elyvilon.
Elyvilon was greatly pleased with you.
You visited 1 branch of the dungeon, and saw 14 of its levels.

You collected 505 gold pieces.
You spent 456 gold pieces at shops.

Inventory:

Hand Weapons
 a - the +9 rapier of the Dwarven Hall (weapon) {flame, Int+4}
   (You acquired it on level 5 of the Dungeon)

   It burns those it strikes, dealing additional fire damage.
   Int:       It affects your intelligence (+4).
 b - a +0 shortbow
 j - a +0 short sword
 t - a +0 dagger
 M - a +0 falchion of freezing
Missiles
 g - 38 bolts
 h - 126 arrows
 x - 16 atropa-tipped darts (quivered)
 y - 5 curare-tipped darts
 J - a throwing net
Armour
 p - a +0 pair of gloves (worn)
 s - a +0 pair of boots (worn)
 G - a +0 buckler
 L - +5 steam dragon scales (worn)
 Q - a +0 helmet (worn)
Jewellery
 c - a ring of wizardry
 z - a +4 ring of protection (left hand)
 B - a +4 ring of slaying
 E - a +6 ring of dexterity (right hand)
 O - a ring of protection from fire
Wands
 n - a wand of mindburst (14)
 o - a wand of polymorph (9)
 v - a wand of iceblast (26)
 H - a wand of flame (42)
 S - a wand of acid (11)
Scrolls
 e - a scroll of fog
 f - 2 scrolls of enchant weapon {unknown}
 m - 2 scrolls of holy word {unknown}
 u - 3 scrolls of amnesia
 F - 2 scrolls of immolation {unknown}
 I - 2 scrolls of fear {unknown}
 P - a scroll of vulnerability {unknown}
 T - 2 scrolls of identify
Potions
 d - 3 potions of curing
 i - 7 potions of heal wounds
 k - a potion of might {unknown}
 q - a potion of ambrosia
 w - 2 potions of brilliance {unknown}
 A - a potion of degeneration {unknown}
 C - 2 potions of haste {unknown}
 D - 2 potions of flight {unknown}
 K - a potion of invisibility {unknown}
 N - a potion of mutation {unknown}
 R - a potion of cancellation {unknown}


   Skills:
 - Level 2.4 Fighting
 - Level 3.0 Short Blades
 - Level 3.6 Dodging
 - Level 6.0 Stealth
 + Level 8.7 Spellcasting
 * Level 10.2 Conjurations
 * Level 9.5 Air Magic
 * Level 10.5 Invocations


You had 10 spell levels left.
You knew the following spells:

 Your Spells              Type           Power      Damage    Failure   Level
a - Shock                 Conj/Air       100%       1d9       1%          1
f - Lightning Bolt        Conj/Air       26%        1d42      3%          5
l - Static Discharge      Conj/Air       53%        N/A       1%          2
q - Airstrike             Air            26%        N/A       1%          4
r - Poisonous Vapours     Pois/Air       62%        N/A       1%          2
v - Swiftness             Air            52%        N/A       1%          3

Your spell library contained the following spells:

 Spells                   Type           Power      Damage    Failure   Level
 Sting                    Tmut/Pois      40%        1d5       6%          1
 Cause Fear               Hex            5%         N/A       54%         4
 Olgreb's Toxic Radiance  Pois           10%        N/A       54%         4
 Dragon Form              Tmut           5%         N/A       100%        7
 Maxwell's Capacitive Co  Air            26%        ∞         100%        8
 Dragon's Call            Summ           5%         N/A       100%        9


Dungeon Overview and Level Annotations

Branches:
Dungeon (15/15)            Temple (0/1) D:6          Vaults (0/5) D:13
   Lair: D:8-11         Orc: D:9-12      Depths: D:15

Altars:
Ashenzari
Elyvilon
Gozag
Hepliaklqana
Kikubaaqudgha
Okawaru
Yredelemnul
The Shining One

Shops:
D:9 *   D:14 ?

Portals:
Ice
Cave: D:14

Annotations:
D:4 Robin
D:11 Gastronok


Message History

Okay, then.
A slime creature comes into view.
A slime creature comes into view.
Unknown command.
Your surroundings suddenly seem different.
The orc warrior shouts!
The tengu conjurer shouts!
An orc comes into view. It is wielding a +0 whip.
The orc shouts!
A deep elf pyromancer comes into view. It is wielding a +0 long sword.
The tengu conjurer completely misses you. x2
The tengu conjurer misses you. The wraith barely misses you.
The orc priest invokes the aid of Beogh against you.
Beogh smites you!
The orc knight shouts!
A wraith comes into view.
Unknown command.
Okay, then.
Okay, then.
Okay, then.
Okay, then.
Unknown command.
You beseech Elyvilon to protect your life.
The orc hits you but does no damage.
The tengu conjurer hits you but does no damage.
The tengu conjurer pecks you but does no damage.
The tengu conjurer claws you but does no damage.
The wraith misses you.
The orc warrior hits you but does no damage.
As you read the scroll of teleportation, it crumbles to dust.
You feel strangely unstable. The orc closely misses you.
The tengu conjurer casts a spell at you.
The bolt of lightning misses you. The bolt of lightning hits you!
* * * LOW HITPOINT WARNING * * *
The wraith misses you.
Unknown command.
Unknown command.
The tengu conjurer gestures at you while chanting.
The bolt of lightning hits you!
You die...

******** *,,,,,,*
*,,,,,,**
###########,,*+*,,*
#..........,,*∩*,,,
#.@.....#**,,*+*,,,
#..oQ...# *,,,,,,,,
#.Wo.o..# ***,,,,,,
#>.o....# *,,,,,,
#..e....#*****#.J,,
#.......'.,,,*#.J.,
#.......###*,,.JJ.,
#.........#****.c.,
##'######.## *#.#*


You could see an orc knight, a deep elf pyromancer, a wraith, a tengu conjurer,
an orc warrior, an orc priest and an orc.

Vanquished Creatures
  A vault guard (D:13)
  2 two-headed ogres
  An ugly thing (D:14)
  A cyclops (D:13)
  A centaur zombie (D:6)
  2 trolls
  A centaur simulacrum (D:14)
  5 yaks
  A wraith (D:9)
  3 spriggan simulacra (D:14)
  A wyvern (D:7)
  A vampire mosquito (D:13)
  3 steam dragons
  An orc warrior (D:6)
  3 ogres
  A necrophage (D:8)
  3 centaurs
  3 phantoms
  2 kobold brigands
  2 bullfrogs
  A gnoll sergeant (D:7)
  A scorpion (D:6)
  A water moccasin zombie (D:6)
  2 water moccasin skeletons (D:6)
  17 killer bees
  3 wights
  6 howler monkeys
  A crimson imp (D:7)
  A bullfrog zombie (D:5)
  3 hounds
  A gnoll shaman (D:6)
  3 orc priests
  3 jellies
  A bullfrog skeleton (D:5)
  5 iguanas
  4 orc wizards
  A killer bee zombie (D:8)
  A hound zombie (D:5)
  A mummy (D:4)
  A howler monkey zombie (D:9)
  8 gnolls
  5 adders
  A shadow imp (D:5)
  5 white imps
  2 ufetubi
  An adder skeleton (D:4)
  5 dart slugs
  10 orcs
  10 endoplasms
  5 giant cockroaches
  6 goblins
  7 hobgoblins
  A jackal (D:5)
  7 kobolds
  6 quokkas
  6 ball pythons
  10 bats
  3 frilled lizards
  3 hobgoblin zombies (D:4)
  2 rats
198 creatures vanquished.

Vanquished Creatures (others)
  A hydra (D:14)
  4 ugly things (D:14)
  A spriggan simulacrum (D:14)
  3 ball pythons (D:1)
  14 plants
23 creatures vanquished.

Grand Total: 221 creatures vanquished

Notes
Turn   | Place    | Note
-------+----------+-------------------------------------------
     0 | D:1      | Spectrina the Deep Elf Monk began the quest for the Orb.
     0 | D:1      | Reached XP level 1. HP: 13/13 MP: 3/3
    42 | D:1      | Found a faded altar of an unknown god.
    48 | D:1      | Became a worshipper of Elyvilon the Healer
    48 | D:1      | Reached * piety under Elyvilon
    48 | D:1      | Reached ** piety under Elyvilon
   114 | D:2      | Reached skill level 1 in Spellcasting
   121 | D:2      | Reached skill level 1 in Invocations
   135 | D:2      | Reached XP level 2. HP: 12/18 MP: 6/6
   184 | D:2      | Reached *** piety under Elyvilon
   497 | D:1      | Learned a level 2 spell: Static Discharge
   707 | D:1      | Reached XP level 3. HP: 8/22 MP: 3/7
  1597 | D:2      | Reached skill level 1 in Conjurations
  1597 | D:2      | Reached skill level 1 in Air Magic
  1685 | D:4      | Reached **** piety under Elyvilon
  1711 | D:4      | Reached XP level 4. HP: 27/27 MP: 8/8
  1810 | D:4      | Noticed Robin
  1885 | D:4      | Noticed an ogre
  1960 | D:4      | Noticed a scorpion
  1964 | D:4      | Pacified a scorpion
  2056 | D:5      | Entered Level 5 of the Dungeon
  2199 | D:5      | Identified a scroll of acquirement
  2205 | D:5      | Acquired the +9 rapier of the Dwarven Hall {flame, Int+4}
  2213 | D:5      | Reached XP level 5. HP: 13/31 MP: 1/10
  2228 | D:5      | Learned a level 5 spell: Lightning Bolt
  2330 | D:5      | Noticed an ice beast
  2331 | D:5      | Pacified an ice beast
  2396 | D:5      | Reached XP level 6. HP: 23/36 MP: 10/12
  2592 | D:5      | Noticed a wyvern
  2720 | D:5      | Reached XP level 7. HP: 23/40 MP: 7/13
  3177 | D:4      | Reached skill level 5 in Invocations
  3354 | D:6      | Found a staircase to the Ecumenical Temple.
  3390 | D:6      | Reached XP level 8. HP: 33/45 MP: 13/16
  3398 | D:6      | Learned a level 2 spell: Poisonous Vapours
  3435 | D:6      | Reached ***** piety under Elyvilon
  3570 | D:6      | Reached skill level 5 in Conjurations
  3832 | D:7      | Reached skill level 5 in Stealth
  3876 | D:7      | Reached skill level 5 in Air Magic
  4018 | D:7      | Reached skill level 5 in Spellcasting
  4263 | D:7      | Reached XP level 9. HP: 49/49 MP: 4/18
  4495 | D:9      | Found Gofun's Assorted Antiques.
  4498 | D:9      | Bought a golden potion for 32 gold pieces
  4498 | D:9      | Bought 3 scrolls labelled ZORPHIU GUOREBB for 108 gold
                  | pieces
  4498 | D:9      | Bought a fizzy coppery potion for 32 gold pieces
  4498 | D:9      | Bought a scroll labelled LUELOSI DALAPP for 36 gold pieces
  4498 | D:9      | Found a broken altar of Ashenzari.
  4528 | D:9      | Found a basalt altar of Yredelemnul.
  4533 | D:9      | Found an ancient bone altar of Kikubaaqudgha.
  4795 | D:7      | Found an iron altar of Okawaru.
  5434 | D:8      | Learned a level 4 spell: Airstrike
  5438 | D:8      | Learned a level 3 spell: Swiftness
  5440 | D:8      | Learned a level 1 spell: Shock
  5969 | D:9      | Reached XP level 10. HP: 54/54 MP: 21/21
  6088 | D:9      | Found a glowing golden altar of the Shining One.
  6088 | D:9      | Found a hazy altar of Hepliaklqana.
  6089 | D:9      | Found an opulent altar of Gozag.
  6312 | D:10     | Entered Level 10 of the Dungeon
  6465 | D:9      | Bought a gilded ring for 180 gold pieces
  6473 | D:10     | Reached ****** piety under Elyvilon
  6729 | D:11     | Noticed Gastronok
  6833 | D:10     | Noticed a two-headed ogre
  6845 | D:10     | Killed a two-headed ogre
  6888 | D:10     | You fall into a shaft and drop 3 floors!
  6926 | D:13     | Noticed a manticore
  6944 | D:13     | Noticed a black mamba
  6946 | D:13     | Pacified a black mamba
  6993 | D:13     | Found a gate leading to a gauntlet.
  6993 | D:13     | You fall into a shaft and drop 2 floors!
  6993 | D:15     | Entered Level 15 of the Dungeon
  6994 | D:15     | Noticed a manticore
  6996 | D:15     | Pacified a manticore
  7016 | D:15     | Noticed a cyclops
  7098 | D:14     | Noticed a cyan ugly thing
  7117 | D:14     | Found an opulent altar of Gozag.
  7127 | D:14     | Noticed a cane toad
  7132 | D:14     | Pacified a cane toad
  7146 | D:14     | Noticed a centaur warrior
  7197 | D:14     | Found Jyps's Magic Scroll Boutique.
  7198 | D:14     | Noticed a manticore
  7211 | D:14     | Pacified a manticore
  7215 | D:14     | Bought a scroll of identify for 34 gold pieces
  7215 | D:14     | Bought a scroll of identify for 34 gold pieces
  7222 | D:14     | Noticed a cyclops
  7231 | D:13     | Noticed a white ugly thing
  7233 | D:13     | Noticed a centaur warrior
  7267 | D:14     | Found a frozen archway.
  7267 | D:14     | Noticed a cyan ugly thing
  7267 | D:14     | Noticed a cyan ugly thing
  7267 | D:14     | Noticed a cyan ugly thing
  7273 | D:14     | Noticed an eight-headed hydra
  7277 | D:14     | Pacified a cyan ugly thing
  7277 | D:14     | Noticed a cyan ugly thing
  7280 | D:14     | Pacified an eight-headed hydra
  7280 | D:14     | Noticed a cyan ugly thing
  7280 | D:14     | Killed an eight-headed hydra
  7281 | D:14     | Reached XP level 11. HP: 27/58 MP: 8/25
  7282 | D:14     | Pacified a cyan ugly thing
  7283 | D:14     | Killed a cyan ugly thing
  7284 | D:14     | Pacified a white ugly thing
  7284 | D:14     | Killed a cyan ugly thing
  7285 | D:14     | Killed a white ugly thing
  7288 | D:14     | Killed a cyan ugly thing
  7292 | D:14     | Pacified a cyan ugly thing
  7293 | D:14     | Reached skill level 10 in Invocations
  7295 | D:14     | Pacified a cyan ugly thing
  7295 | D:14     | Killed a cyan ugly thing
  7422 | D:13     | Noticed an orc knight
  7453 | D:13     | Noticed a vault guard
  7456 | D:13     | Noticed a two-headed ogre
  7506 | D:13     | Noticed a vault guard
  7527 | D:13     | Killed a vault guard
  7563 | D:13     | Noticed an alligator
  7564 | D:13     | Pacified an alligator
  7565 | D:13     | Reached skill level 10 in Conjurations
  7572 | D:13     | Killed a two-headed ogre
  7575 | D:13     | Noticed a vault guard
  7610 | D:13     | Found a gate to the Vaults.
  7620 | D:13     | Noticed a centaur warrior
  7624 | D:13     | Noticed a deep elf pyromancer
  7627 | D:13     | Killed from afar by a tengu conjurer

Illustrated notes

Levels and vault maps discovered:
D:1:      mainiacjoe_arrival_reflecting_pool, layout_loops_ring,
          shapermc_ecumenical_altar_hornbeckon, serial_bayou_lagoon_a
D:2:      layout_basic, uniq_natasha
D:3:      layout_loops_cross, kennysheep_generic_room_9
D:4:      layout_basic, minmay_mini_ossuary, uniq_robin
D:5:      minmay_thinvault, layout_cave_pods, serial_bayou_pond_a
D:6:      layout_loops_cross, minmay_temple_entry_gardened_gates
D:7:      layout_basic, general_overflow_altar, minmay_misc_feat_columns,
          minmay_fire_ice_demons
D:8:      layout_layer_cave, chequers_serial_rivers_large_b
D:9:      layout_long_grid, minitemple, gammafunk_temple_overflow_claw,
          serial_shops, shop, hex_large
D:10:     layout_stronghold
D:11:     layout_basic, lair_entry_dummy, orc_0_dummy, uniq_gastronok,
          uniq_fannar
D:13:     layout_roguey, lightli_vaults_fourway_checkpoint, serial_shops, shop,
          kennysheep_mini_moat, gauntlet_entry_generic
D:14:     layout_roguey, portal_ice_cave_entry_ice_simulacra, serial_shops,
          nicolae_shop_waterfront, corexii_hall_statues_x,
          nicolae_gozag_seed_capital
D:15:     hangedman_depths_entry_civil_slaughter, layout_stronghold

Skill      XL: |  1  2  3  4  5  6  7  8  9 10 11 |
---------------+----------------------------------+-----
Spellcasting   | 1 2 3 4 5 6 8 |  8.7
Invocations    | 1 2 3 4 5 6 8 9 10 | 10.5
Conjurations   | 1 2 3 4 6 7 9 10 | 10.2
Air Magic      | 1 2 3 4 5 7 8 9 |  9.5
Stealth        | 3 4 5 6 |  6.0
Fighting       | |  2.4
Short Blades   | |  3.0
Dodging        | |  3.6

Action                   |  1- 3 |  4- 6 |  7- 9 | 10-12 || total
-------------------------+-------+-------+-------+-------++-------
Melee: Short sword       |   151 |    56 |       |       ||   207
       Rapier            |       |    36 |   109 |    52 ||   197
 Fire: Shortbow          |       |       |    40 |       ||    40
Throw: Dart              |       |       |     2 |     3 ||     5
 Cast: Static Discharge  |     4 |    14 |    25 |    13 ||    56
       Poisonous Vapours |       |       |    72 |    26 ||    98
       Airstrike         |       |       |     5 |    23 ||    28
       Shock             |       |       |     2 |     4 ||     6
       Lightning Bolt    |       |       |       |     3 ||     3
Invok: Heal Other        |     4 |     2 |     2 |    21 ||    29
       Lesser Healing    |     4 |     2 |       |       ||     6
       Divine Protection |     2 |       |     1 |     2 ||     5
       Greater Healing   |       |       |     1 |     2 ||     3
Evoke: Wand              |       |       |       |    19 ||    19
  Use: Scroll            |       |     5 |     8 |     8 ||    21
 Stab: Sleeping          |    13 |     5 |    12 |     1 ||    31
       Distracted        |     1 |     1 |       |       ||     2
Armor: Robe              |    28 |     7 |    13 |       ||    48
       Steam dragon scal |       |       |    29 |    52 ||    81
Dodge: Dodged            |   103 |    62 |    85 |    52 ||   302
